 Dungeon Crawl Stone Soup version 0.16-a0-1529-gf034e03 (webtiles) character file.

114 Psiweapon the Twirler (level 4, -8/36 HPs)
             Began as a Draconian Gladiator on Oct 22, 2014.
             Mangled by an iguana (9 damage)
             ... on level 4 of the Dungeon.
             The game lasted 00:11:16 (2921 turns).

Psiweapon the Twirler (Draconian Gladiator)         Turns: 2921, Time: 00:11:18

Health: -8/36      AC:  6    Str: 17    XL:     4   Next: 67%
Magic:  4/4        EV: 13    Int:  8    God:
Gold:   106        SH:  0    Dex: 13    Spells: 0 memorised, 3 levels left

rFire  . . .     SeeInvis .     a - +0 quarterstaff
rCold  . . .     Clarity  .     (armour unavailable)
rNeg   . . .     SustAb   .     (no shield)
rPois  .         Gourm    .     c - +0 hat
rElec  .         Spirit   .     o - +0 cloak
rCorr  .         Warding  .     (no gloves)
rMut   .         Stasis   .     (no boots)
MR     .....                    (no amulet)
Stlth  +.........               (no ring)
                                (no ring)

@: not resistant to hostile enchantments, very unstealthy
A: unfitting armour, cold-blooded, AC +5
a: no special abilities


You were on level 4 of the Dungeon.
You were very hungry.

You visited 1 branch of the dungeon, and saw 4 of its levels.

You collected 106 gold pieces.

Inventory:

Hand weapons
 a - a +0 quarterstaff (weapon)
 b - a +0 hunting sling
 u - a +1 war axe of chopping
Missiles
 e - 28 stones (quivered)
 n - 20 bolts
 q - 16 poisoned needles
Armour
 c - a +0 hat (worn)
 o - a +0 cloak (worn)
Scrolls
 h - 2 scrolls of identify {unknown}
 i - 2 scrolls of remove curse {unknown}
 m - a scroll of magic mapping {unknown}
 p - a scroll of blinking {unknown}
 s - a scroll of recharging {unknown}
 w - 2 scrolls of noise {unknown}
 x - a scroll of enchant weapon {unknown}
 y - a scroll of teleportation {unknown}
Potions
 j - 3 potions of porridge
 k - a potion of invisibility {unknown}
 l - a potion of heal wounds {unknown}
 r - 2 potions of brilliance {unknown}
 t - a potion of haste {unknown}
Comestibles
 f - 6 bread rations
 g - 2 fruits
 v - a slice of pizza


   Skills:
 - Level 2.1 Fighting
 + Level 5.5 Staves
 - Level 1.7 Throwing
 - Level 2.6 Dodging


You had 3 spell levels left.
You didn't know any spells.

Dungeon Overview and Level Annotations

Branches:
Dungeon (4/15)
 Temple: D:4-7

Altars:
Kikubaaqudgha
Okawaru
Qazlal


Innate Abilities, Weirdness & Mutations

Your plain brown scales are hard (AC +5).
Your body does not fit into most forms of armour.
Your cold-blooded metabolism reacts poorly to cold.


Message History

Throwing (i - inventory. (,) - cycle):
d - a throwing net (quivered)
Press: ? - help, Shift-Dir - straight line, f/p - iguana
Aim: an iguana (moderately wounded)
You throw a throwing net. The throwing net hits the iguana.
The iguana is caught in the net!
The iguana is moderately wounded.
You barely miss the iguana.
Your tail-slap misses the iguana.
The iguana is moderately wounded.
The iguana closely misses you.
You hit the iguana but do no damage.
Your tail-slap misses the iguana.
The iguana is moderately wounded.
The iguana closely misses you.
You hit the iguana.
The iguana is moderately wounded.
The iguana bites you.
* * * LOW HITPOINT WARNING * * *
You closely miss the iguana.
The iguana is moderately wounded.
The iguana bites you!
You die...

#......##....((....#
###.##.######.......
#....# ..... #.##.#
..># #########(##.#
.## #............# #
#.#######.##.# #.#
#.##.####. #.#
#@l....... #.#
####.##### #.# .#
#.# ##.## #...#
#...# ####...####
#.........#


You could see an iguana.

Vanquished Creatures
  An orc wizard (D:3)
  2 adders
  A worm (D:2)
  4 giant geckos
  2 oozes
  7 orcs (D:3)
  4 giant cockroaches
  8 goblins
  3 hobgoblins
  4 jackals (D:2)
  A ball python (D:3)
  8 bats
  5 giant newts
  5 kobolds
  5 rats
60 creatures vanquished.

Notes
Turn   | Place    | Note
--------------------------------------------------------------
     0 | D:1      | Psiweapon, the Draconian Gladiator, began the quest for the Orb.
     0 | D:1      | Reached XP level 1. HP: 17/17 MP: 1/1
   156 | D:1      | Reached XP level 2. HP: 19/24 MP: 2/2
   528 | D:1      | Reached skill level 4 in Staves
   865 | D:2      | Reached XP level 3. HP: 25/29 MP: 3/3
  1464 | D:3      | Reached skill level 5 in Staves
  1464 | D:3      | Reached XP level 4. HP: 13/36 MP: 4/4
  1833 | D:3      | Found an iron altar of Okawaru.
  1840 | D:3      | Found an ancient bone altar of Kikubaaqudgha.
  2075 | D:3      | Found a stormy altar of Qazlal.
  2920 | D:4      | HP: 1/36 [iguana (5)]
  2921 | D:4      | Mangled by an iguana

Action                   |  1- 3 |  4- 6 || total
-------------------------+-------+-------++-------
Melee: Quarterstaff      |    88 |    69 ||   157
 Fire: Hunting sling     |    43 |     2 ||    45
Throw: Throwing net      |     2 |     3 ||     5
  Eat: Chunk             |     2 |     3 ||     5
